[Event "Early-Titled-Tuesday-Blitz-April-16-2024"]
[Site "Chess.com"]
[Date "2024.04.16"]
[Round "9"]
[White "Burgsvik"]
[Black "MaxLeto"]
[Result "0-1"]
[WhiteElo "2257"]
[BlackElo "2399"]
[TimeControl "180+1"]
[EndTime "9:49:54 PDT"]
[Termination "MaxLeto won by resignation"]

1. e4 c5 2. Nf3 d6 3. d4 cxd4 4. Nxd4 Nf6 5. Nc3 a6 6. Be2 e6 7. O-O Be7 8. Kh1 O-O 9. f4 Qc7 10. a4 b6 11. f5 e5 12. Nb3 Bb7 13. Bf3 Nbd7 14. Bg5 h6 15. Bh4 Rfe8 16. Qe2 Rac8 17. Rad1 Qc4 18. Rfe1 Qxe2 19. Rxe2 Rc4 20. Nd2 Rc7 21.
Nb3 Rec8 22. Rd3 Rc4 23. Kg1 Kf8 24. Bf2 Rb4 25. g4 Nc5 26. Nxc5 bxc5 27. b3 c4 28. bxc4 Rbxc4 29. Nd5 Bxd5 30. exd5 e4 31. Bxe4 Rxe4 32. Rxe4 Nxe4 33. Be1 Rxc2 34. Re3 Nc5 35. Bb4 Bf6 36.
Kf1 Be5 37. h4 f6 38. g5 hxg5 39. hxg5 fxg5 40. Ke1 Kf7 41. Kd1 Rc4 42. Bd2 g4 43.
Ra3 Rxa4 44. Rxa4 Nxa4 45. Ke2 g3 46. Kf3 Nb6 47. Bg5 Nxd5 48. Kg2 a5 49. Kh3 a4 50. Bc1 Nb4 51. Ba3 Nc2 52. Bb2 Bxb2 53. Kxg3 a3 54. Kf4 a2 55. f6 Bxf6 56. Ke4 Nb4 57.
Kf5 a1=Q 58. Kg4 Qd4+ 59. Kh5 Qe5+ 60. Kg4 Qg5+ 61. Kf3 Qf5+ 62. Ke2 Qe4+ 63. Kd2 Qd3+ 64. Ke1 Qc2 65. Kf1 Ke6 66. Kg1 Kf5 67. Kh1 Kf4 68. Kg1 Kf3 69. Kh1 g5 0-1

[Event "Early-Titled-Tuesday-Blitz-April-16-2024"]
[Site "Chess.com"]
[Date "2024.04.16"]
[Round "9"]
[White "Mops_2004"]
[Black "TERMINATOR_PC"]
[Result "1-0"]
[WhiteElo "2804"]
[BlackElo "2612"]
[TimeControl "180+1"]
[EndTime "9:49:55 PDT"]
[Termination "Mops_2004 won by resignation"]

1. g3 Nf6 2. Bg2 d5 3. Nf3 c6 4. O-O Bg4 5. h3 Bh5 6. d4 e6 7. c4 Be7 8. Nc3 Nbd7 9. cxd5 exd5 10. Nh4 O-O 11. Nf5 Re8 12. Nxe7+ Qxe7 13. Qd2 Nb6 14. b3 Nc8 15. f3 Bg6 16. Re1 b5 17. Bb2 a5 18. a4 b4 19. Nd1 Nd6 20. Rc1 Rac8 21. g4 Nd7 22. Qf4 Red8 23. Nf2 c5 24. dxc5 Nxc5 25. Qd4 Ne6 26. Qe5 Kh8 27. f4 f6 28. Qe3 Be4 29. Nxe4 dxe4 30. f5 Ng5 31. Rxc8 Rxc8 32. Rd1 Ngf7 33. Bd4 h6 34. Qf4 Rc2 35. Rd2 Qc7 36. Kh2 Rxd2 37. Qxd2 Nxf5+ 38. Kg1 Nxd4 39. Qxd4 Ng5 40. h4 Ne6 41. Qxe4 Qc1+ 42. Kf2 Qc5+ 43.
e3 Qd6 44. Qa8+ Qd8 45. Qxd8+ Nxd8 46. Bd5 g6 47. Ke2 Kg7 48. Kd3 f5 49. gxf5 gxf5 50. Kc4 Kf6 51. Kb5 Ke5 52. Bf3 f4 53. exf4+ Kxf4 54. Bd1 Kg3 55. h5 Nb7 56. Kb6 Nd6 57. Kxa5 Ne4 58.
Kxb4 Nf2 59. Be2 Ne4 60. a5 Nf6 61. a6 Nd5+ 62. Ka5 1-0

[Event "Early-Titled-Tuesday-Blitz-April-16-2024"]
[Site "Chess.com"]
[Date "2024.04.16"]
[Round "9"]
[White "VD_coach"]
[Black "MrVenky"]
[Result "0-1"]
[WhiteElo "2629"]
[BlackElo "2542"]
[TimeControl "180+1"]
[EndTime "9:49:55 PDT"]
[Termination "MrVenky won by resignation"]

1. Nf3 g6 2. d4 Bg7 3. c4 d6 4. Nc3 Nd7 5. g3 e5 6. Bg2 Ne7 7. O-O O-O 8. dxe5 dxe5 9. Qb3 Nf5 10. Bg5 Qe8 11. Nd5 Nc5 12. Qa3 Ne6 13. Ne7+ Kh8 14.
Nxf5 gxf5 15. Be7 Rg8 16. e3 Bd7 17. Nh4 Nd8 18. Bxd8 Rxd8 19. Rad1 Bf6 20. Nf3 Bc6 21. Nd2 Bxg2 22. Kxg2 Qc6+ 23. Kg1 f4 24. exf4 exf4 25. Qf3 Qxf3 26. Nxf3 fxg3 27. hxg3 b6 28. b3 c5 29. Kg2 Kg7 30. Rfe1 Bc3 31. Rxd8 Rxd8 32. Re7 a5 33. Rb7 Rd6 34. Ng5 Kg6 35. Ne4 Rd3 36. Rxb6+ Kf5 37.
Nxc5 Rd2 38. Rb5 Bd4 39. Nd7+ Ke4 40. Rd5 Rxf2+ 41. Kh3 f5 42. Nf8 h5 43. Ne6 Bf6 44.
Nf4 h4 45. Rd1 hxg3 46. Ng2 f4 47. Re1+ Kf5 48. Re8 Be5 49. Nh4+ Ke4 50. Ng6 Rh2+ 51. Kg4 g2 52. Rxe5+ Kd4 53. Rd5+ Kc3 54. Rd3+ Kxd3 55.
Nxf4+ Ke4 56. Nxg2 Rxg2+ 57. Kh5 Rxa2 0-1

[Event "Early-Titled-Tuesday-Blitz-April-16-2024"]
[Site "Chess.com"]
[Date "2024.04.16"]
[Round "9"]
[White "chess_blitz00"]
[Black "Matols"]
[Result "1-0"]
[WhiteElo "2513"]
[BlackElo "2367"]
[TimeControl "180+1"]
[EndTime "9:49:57 PDT"]
[Termination "chess_blitz00 won on time"]

1. Nf3 d5 2. g3 Nf6 3. Bg2 e6 4. O-O Be7 5. c4 O-O 6. b3 c5 7.
d3 Nc6 8. Nc3 d4 9. Ne4 Nxe4 10.
dxe4 e5 11. Ne1 a6 12. Nd3 b5 13. f4 bxc4 14. bxc4 Bd6 15. Ba3 Qa5 16. Qc1 Rb8 17. Bb2 f6 18. f5 Bd7 19. g4 h6 20. h4 Kf7 21. g5 hxg5 22. hxg5 Rh8 23. Kf2 Nb4 24. Kf3 Bc6 25. Kg3 Qb6 26. Ba3 Qb7 27.
Bxb4 cxb4 28. c5 Be7 29. Qc4+ Ke8 30. Rh1 Rxh1 31. Rxh1 Kd8 32. Qe6 Qd7 33. Rh8+ Kc7 34. Rxb8 Kxb8 35. Qc4 a5 36. g6 Bd8 37. Qg8 Ka7 38. Qf7 Bc7 39. Qxd7 Bxd7 40. Bf3 Ka6 41. e3 Kb5 42. Be2 Ka4 43. Nb2+ Ka3 44. Nc4+ Kxa2 45.
exd4 exd4+ 46. e5 Bxe5+ 47. Nxe5 fxe5 48. f6 gxf6 49. Bc4+ b3 50. g7 Be6 51. Bxe6 d3 52. g8=Q d2 53. Qg4 1-0

[Event "Early-Titled-Tuesday-Blitz-April-16-2024"]
[Site "Chess.com"]
[Date "2024.04.16"]
[Round "9"]
[White "Alenzer"]
[Black "maurovargas01"]
[Result "1-0"]
[WhiteElo "2202"]
[BlackElo "1894"]
[TimeControl "180+1"]
[EndTime "9:49:57 PDT"]
[Termination "Alenzer won on time"]

1. e4 d5 2. exd5 Qxd5 3. Nc3 Qa5 4. d4 c6 5. Nf3 Nf6 6. Be2 Bf5 7. O-O e6 8. a3 Bd6 9. Be3 O-O 10. b4 Qc7 11.
Na4 b6 12. c4 Nbd7 13. c5 Be7 14. Nc3 Nd5 15. Nxd5 exd5 16. Qd2 Nf6 17. Bf4 Qd7 18. Ne5 Qc8 19. f3 b5 20. a4 a6 21. axb5 axb5 22.
Qb2 Qb7 23. Rxa8 Rxa8 24. Ra1 h6 25. g4 Be6 26. Ra3 Nd7 27. Nxd7 Bxd7 28. Qa2 Rxa3 29. Qxa3 Bf6 30. Be3 g6 31. Bxh6 Bxd4+ 32. Be3 Be5 33. f4 Bg7 34. Kf2 Qc8 35. h3 d4 36.
Bd2 Be6 37. Qa7 Bd5 38. Qe7 Bf8 39. Qe5 Bg7 40. Qd6 Qe8 41. Bxb5 Qe4 42. Be2 Qg2+ 43.
Ke1 Qg1+ 44. Bf1 Bg2 45. Qd8+ Kh7 46. Qh4+ Kg8 47. Qf2 1-0

[Event "Early-Titled-Tuesday-Blitz-April-16-2024"]
[Site "Chess.com"]
[Date "2024.04.16"]
[Round "9"]
[White "MatthewG-p4p"]
[Black "BogdanDeac"]
[Result "1-0"]
[WhiteElo "2868"]
[BlackElo "3009"]
[TimeControl "180+1"]
[EndTime "9:49:58 PDT"]
[Termination "MatthewG-p4p won on time"]

1. e4 e5 2. Nf3 Nc6 3. d4 exd4 4. c3 dxc3 5. Nxc3 d6 6. Bc4 Be6 7. Bxe6 fxe6 8. Qb3 Qc8 9. Ng5 Nd8 10. O-O Be7 11.
Nb5 h6 12. Qh3 Bxg5 13. Bxg5 Nf7 14. Be3 a6 15. Nd4 e5 16. Ne6 Ke7 17. Nxg7 Qxh3 18.
gxh3 Nf6 19. Nf5+ Ke6 20. f3 Rag8+ 21. Kh1 d5 22. Rac1 c6 23. b4 dxe4 24. fxe4 Nxe4 25. Rce1 Ned6 26. Ng3 Rg6 27. Bc5 h5 28. Rf2 h4 29.
Ne2 Kd7 30. Ref1 Rh7 31. Nc3 Rhg7 32. Na4 Ng5 33. Re2 Ndf7 34. Rd1+ Ke6 35. Bd4 Nxh3 36. Nc5+ Kf5 37. Rf1+ Nf4 38. Ref2 Rg4 39. Be3 h3 40. Nd3 Rg2 41. Nxf4 Rxf2 42. Rxf2 exf4 43. Rxf4+ Ke6 44.
Rf1 Nd6 45. Bd4 Rg4 46. Re1+ Re4 47. Rd1 Nf5 48. Bc5 Re2 49. a4 a5 50. bxa5 Ra2 51.
Kg1 Rxa4 52. Bb6 Ra2 53. Rd3 Rg2+ 54. Kh1 Rb2 55. Rxh3 Kd5 56. Rh8 c5 57. Rc8 Rb5 58. Kg2 Nd4 59. h4 1-0

[Event "Early-Titled-Tuesday-Blitz-April-16-2024"]
[Site "Chess.com"]
[Date "2024.04.16"]
[Round "9"]
[White "ural58"]
[Black "karinachess1"]
[Result "1-0"]
[WhiteElo "2495"]
[BlackElo "2607"]
[TimeControl "180+1"]
[EndTime "9:50:00 PDT"]
[Termination "ural58 won by checkmate"]

1. e4 e5 2. Nf3 Nc6 3. Bc4 Nf6 4.
Ng5 d5 5. exd5 Na5 6. Bb5+ c6 7. dxc6 bxc6 8. Bd3 Be7 9. Qf3 O-O 10. Bf5 h6 11.
Ne4 Nxe4 12. Qxe4 Nb7 13. Bxc8 Rxc8 14. O-O Bd6 15. d3 Nc5 16. Qc4 Ne6 17. Be3 Qd7 18.
b4 Rb8 19. c3 f5 20. Nd2 Kh8 21. f3 Rfc8 22. Nb3 Nc7 23. Qh4 Bf8 24. Rad1 Nd5 25.
Bd2 Re8 26. Rfe1 Rbd8 27. a3 a6 28. c4 Nc7 29. Be3 Qf7 30. Bc5 Bxc5+ 31. Nxc5 Re7 32. d4 Rde8 33. dxe5 Rxe5 34. Rxe5 Rxe5 35. Qd8+ Kh7 36.
Qd4 Qe8 37. h3 Re1+ 38. Rxe1 Qxe1+ 39. Kh2 Ne6 40. Nxe6 Qxe6 41. f4 Qe2 42. Qe5 Qxc4 43. Qxf5+ Kh8 44. Qe5 Kh7 45. Qe3 Kg8 46. Kg3 Kh7 47.
Kf3 Kg8 48. Qe8+ Kh7 49. Qe4+ Qxe4+ 50. Kxe4 Kg6 51. Kd4 Kf5 52. g3 h5 53. Kc5 h4 54.
gxh4 Kxf4 55. Kxc6 Kg3 56. b5 axb5 57. Kxb5 Kxh4 58.
a4 Kxh3 59. a5 g5 60. a6 g4 61. a7 g3 62. a8=Q g2 63. Qh8+ Kg3 64. Qg7+ Kh2 65.
Qh6+ Kg1 66. Kc4 Kf2 67. Qf4+ Ke1 68. Qg3+ Kf1 69. Qf3+ Kg1 70. Kd3 Kh2 71. Qh5+ Kg1 72.
Ke3 Kf1 73. Qd1# 1-0

[Event "Early-Titled-Tuesday-Blitz-April-16-2024"]
[Site "Chess.com"]
[Date "2024.04.16"]
[Round "9"]
[White "frederiksvane"]
[Black "FairChess_on_YouTube"]
[Result "0-1"]
[WhiteElo "3074"]
[BlackElo "3105"]
[TimeControl "180+1"]
[EndTime "9:50:01 PDT"]
[Termination "FairChess_on_YouTube won by resignation"]

1. e4 c5 2. Nf3 e6 3. d4 cxd4 4. Nxd4 Nc6 5. Nc3 a6 6. a3 Qc7 7. Be3 b5 8. Nxc6 Qxc6 9. Bd3 Bb7 10. Qd2 Rc8 11. O-O Nf6 12. Rfd1 b4 13. axb4 Bxb4 14. Bd4 Bc5 15. Bxc5 Qxc5 16. Bxa6 Bxa6 17. Rxa6 O-O 18. Qd4 d5 19. exd5 exd5 20. h3 h6 21. Qxc5 Rxc5 22. Rb6 Re8 23. f3 Rc4 24. Rd2 Re1+ 25. Kf2 Rc1 26. Ke3 Kh7 27. Rd6 Re1+ 28. Kd3 Rb4 29. b3 Re5 30. Re2 Rg5 31. g4 Rf4 32.
Re3 Rg6 33. Ne2 Rb4 34. Kc3 Rb8 35. Kd3 Rc8 36. Nf4 Nxg4 37. Nxg6 Nxe3 38. Nf8+ Kg8 39.
Kxe3 Kxf8 40. Kd3 Rc5 41. b4 Rc4 42. c3 Rf4 43. Ke3 Rc4 44. Kd3 Rf4 45. b5 Rxf3+ 46. Kd4 Ke7 47. Rxd5 Rxh3 48. b6 Rh1 49. Rb5 Rd1+ 50.
Kc5 Rd8 51. b7 Rb8 52. Kc6 g5 53. Kc7 Rg8 54. b8=Q Rxb8 55. Rxb8 f5 56. c4 f4 57. c5 f3 58. Rf8 Kxf8 59. c6 f2 60. Kd6 f1=Q 61. c7 Qf5 62. Kc6 Qc8 0-1

[Event "Early-Titled-Tuesday-Blitz-April-16-2024"]
[Site "Chess.com"]
[Date "2024.04.16"]
[Round "9"]
[White "Gumugama"]
[Black "ploxoi"]
[Result "1-0"]
[WhiteElo "2288"]
[BlackElo "2396"]
[TimeControl "180+1"]
[EndTime "9:50:05 PDT"]
[Termination "Gumugama won on time"]

1. e4 c5 2. Nf3 e6 3. d4 cxd4 4. Nxd4 Nc6 5. Nc3 Qc7 6. Be3 a6 7. Nxc6 bxc6 8. Bd3 d5 9. O-O Nf6 10. f4 Be7 11. e5 Nd7 12. Ne2 a5 13. Ng3 g6 14. Ne2 h5 15. c4 Ba6 16. Rc1 Qb7 17. b3 O-O 18. Qc2 Kg7 19. Bd4 Nc5 20. Bxc5 Bxc5+ 21. Kh1 Rac8 22. Ng3 Rfd8 23. Qe2 h4 24. Nh5+ gxh5 25.
Qxh5 Rh8 26. Qg5+ Kf8 27. f5 Be7 28. f6 Rg8 29. Qh6+ Ke8 30. Qh7 Rf8 31. fxe7 Qxe7 32. Rf6 Rd8 33. Rcf1 Rd7 34. Bg6 Kd8 35. Rxf7 Rxf7 36. Rxf7 Qe8 37. Rxd7+ Qxd7 38. Qxh4+ Kc7 39. Qh7 Qxh7 40. Bxh7 dxc4 41. bxc4 Bxc4 42. Bb1 c5 43. h4 Kd8 44. h5 Ke7 45. Kh2 Kf8 46. Kg3 Kg7 47.
Kf4 a4 48. Kg5 a3 49. g4 Be2 50. h6+ Kh8 51. Kh4 c4 52. g5 c3 53. g6 Bc4 54. g7+ Kg8 55. Kg5 Bxa2 56. Bd3 c2 57. Kg6 1-0

[Event "Early-Titled-Tuesday-Blitz-April-16-2024"]
[Site "Chess.com"]
[Date "2024.04.16"]
[Round "9"]
[White "KorolDimitriy75"]
[Black "ATM622"]
[Result "0-1"]
[WhiteElo "2308"]
[BlackElo "2438"]
[TimeControl "180+1"]
[EndTime "9:50:06 PDT"]
[Termination "ATM622 won on time"]

1. d4 Nf6 2. c4 e6 3. Nc3 d5 4. Bg5 Be7 5. cxd5 exd5 6. e3 c6 7. Bd3 O-O 8. Qc2 h6 9. Bh4 Re8 10. Nge2 Nbd7 11. f3 Nf8 12. O-O Ne6 13. Rad1 b6 14.
Bf2 Bb7 15. h3 Rc8 16. e4 dxe4 17. fxe4 c5 18. dxc5 Qc7 19. cxb6 axb6 20. Bb5 Red8 21. Qb1 Nc5 22. Ng3 Bd6 23. Nf5 Bh2+ 24. Kh1 Ncxe4 25. Bd4 Be5 26. Bxe5 Qxe5 27. Rde1 Nh5 28. Nxe4 Bxe4 29. Qxe4 Qxb5 30. Ne7+ Kh8 31. Nxc8 Ng3+ 32. Kh2 Nxe4 33. Rxe4 Rxc8 34. Rxf7 Qd5 35. Ree7 Qd4 36.
Rd7 Qxb2 37. h4 Rg8 38. Kh3 Qxa2 39. g3 Qe6+ 40. Kg2 b5 41. Rfe7 Qc6+ 42. Kh3 b4 43.
Rc7 Qd5 44. Rcd7 Qb3 45. Rb7 Qc3 46. Kg4 b3 47. Rec7 Qd4+ 48. Kf5 b2 49. g4 Qd5+ 50.
Kg6 Qe6+ 51. Kh5 Qe5+ 52. g5 Qe2+ 53. Kg6 Qd3+ 54. Kh5 hxg5 55. hxg5 Qd4 56. g6 Qe5+ 57. Kh4 Qf6+ 58. Kh5 Qf5+ 59. Kh4 Qxg6 60. Rxb2 Qf6+ 61. Kh5 Qxb2 0-1

[Event "Early-Titled-Tuesday-Blitz-April-16-2024"]
[Site "Chess.com"]
[Date "2024.04.16"]
[Round "9"]
[White "amanjazu"]
[Black "dontcatchmeifyoucant"]
[Result "1-0"]
[WhiteElo "2529"]
[BlackElo "2222"]
[TimeControl "180+1"]
[EndTime "9:50:07 PDT"]
[Termination "amanjazu won by resignation"]

1. g3 Nf6 2. Bg2 d5 3. f4 e6 4. Nf3 c5 5. O-O Nc6 6. d3 Be7 7. Nc3 O-O 8. e4 dxe4 9. dxe4 Qc7 10. e5 Rd8 11. Qe2 Nd5 12. Ne4 Nd4 13. Qf2 b6 14. c3 Nxf3+ 15. Bxf3 Ba6 16. Rd1 Bb7 17. Bd2 c4 18. Qe2 f5 19. exf6 gxf6 20. Be1 Re8 21.
Bf2 Rad8 22. Nd2 Bc5 23. Ne4 Bxf2+ 24. Qxf2 f5 25. Ng5 h6 26. Nh3 Nf6 27. Rxd8 Rxd8 28. Rd1 Rxd1+ 29. Bxd1 Qc6 30. Kf1 Qe4 31. Ng1 Ng4 32.
Qe2 Ne3+ 33. Ke1 Nxd1 34. Qxe4 Bxe4 35. Kxd1 Kf7 36. Kd2 Kf6 37. Ke3 e5 38. Ne2 exf4+ 39.
Kxf4 Bd3 40. Nd4 Bb1 41. a3 Bd3 42. h4 h5 43. Nb5 a6 44. Nc7 a5 45. Nd5+ Ke6 46. Nxb6 Kf6 47. Nd5+ Ke6 48. Ne3 Kf6 49. Nd5+ Ke6 50. Nc7+ Kf6 51. Nb5 Bc2 52. Nd4 Bd3 53. Nc6 a4 54. Na7 Bc2 55. Nc8 Bd3 56. Nb6 Bc2 57.
Nxc4 Bb3 58. Ne3 1-0

[Event "Early-Titled-Tuesday-Blitz-April-16-2024"]
[Site "Chess.com"]
[Date "2024.04.16"]
[Round "9"]
[White "Zarinur"]
[Black "Kushch_Nikolai"]
[Result "1-0"]
[WhiteElo "2508"]
[BlackElo "2365"]
[TimeControl "180+1"]
[EndTime "9:50:07 PDT"]
[Termination "Zarinur won by resignation"]

1. e4 c5 2. Nf3 e6 3. c3 d5 4.
exd5 exd5 5. d4 Nc6 6. Bb5 Bd6 7. dxc5 Bxc5 8. O-O Ne7 9. Nbd2 O-O 10. Nb3 Bd6 11. Bg5 Qc7 12. Bh4 Ng6 13. Bg3 Be6 14. Nbd4 Nce7 15.
Re1 Bg4 16. Bf1 a6 17. Qd2 Rad8 18. Qg5 Bc8 19. Bxd6 Rxd6 20. h4 h6 21. Qe3 Nf5 22. Nxf5 Bxf5 23. Nd4 Bd7 24. Qg3 Rd8 25. h5 Nf8 26.
Re7 Qb6 27. Rb1 Rf6 28. Bd3 Be6 29. Qc7 Qxc7 30. Rxc7 Rd7 31. Nxe6 fxe6 32. Rxd7 Nxd7 33. Re1 Kf7 34. Bg6+ Ke7 35. f3 Kd6 36. Kf2 Ne5 37. Bc2 Nc4 38. b3 Ne5 39. Ke3 b5 40. Rd1 Nc6 41.
c4 bxc4 42. bxc4 Kc5 43. cxd5 exd5 44. Bb3 d4+ 45. Ke4 Rd6 46. Rc1+ Kb6 47. Bd5 Nb4 48.
Bc4 d3 49. a3 d2 50. Rd1 Nc2 51. Bd3 Ne1 52. Rxd2 Kc5 53. Ke3 a5 54. Bf1 Re6+ 55.
Kf2 Re5 56. Be2 Nxg2 57. Kxg2 Rxh5 58. f4 Rf5 59. Kg3 g5 60. fxg5 hxg5 61. a4 Rf4 62.
Bb5 Rb4 63. Rc2+ Kd4 64. Rc8 Ke3 65. Rg8 Ke4 66. Rxg5 Rb3+ 67. Kg4 Kd4 68. Bc6 Kc3 69. Rxa5 Rb4+ 70. Kf5 Rb6 71. Bb5 Kb4 72. Ra8 1-0

[Event "Early-Titled-Tuesday-Blitz-April-16-2024"]
[Site "Chess.com"]
[Date "2024.04.16"]
[Round "9"]
[White "David_Arutinian"]
[Black "GHANDEEVAM2003"]
[Result "1/2-1/2"]
[WhiteElo "2844"]
[BlackElo "3007"]
[TimeControl "180+1"]
[EndTime "9:50:08 PDT"]
[Termination "Game drawn by repetition"]

1. Nf3 d6 2. d4 g6 3. c4 Bg7 4.
Nc3 Nc6 5. d5 Ne5 6. Nxe5 Bxe5 7. e4 c6 8. Bd3 Bg7 9. O-O Nf6 10. Re1 h5 11. h3 h4 12. Bg5 Rh5 13. Qd2 Nd7 14.
Be2 Rh8 15. Rad1 Qc7 16. b3 a5 17. Bg4 Nc5 18. Bxc8 Rxc8 19. Be3 Rh5 20. Bd4 Kf8 21. Bxg7+ Kxg7 22. Qd4+ f6 23. Ne2 Re5 24. Nf4 g5 25.
Nd3 Nxd3 26. Qxd3 Qb6 27. Qd2 a4 28. Rb1 axb3 29. axb3 Ra8 30. Kh1 Ra3 31. Qc2 Qa7 32.
f3 Kh6 33. Qc3 Qf2 34. Rf1 Qc5 35. Ra1 Rxa1 36. Qxa1 cxd5 37. cxd5 f5 38. Qa8 Kg7 39. Qxb7 fxe4 40. fxe4 Rxe4 41. Qb8 Rf4 42. Re1 Rf7 43. Qe8 Qxd5 44. Rxe7 Qxb3 45. Re1 Qg3 46. Rd1 Qe5 47. Qd8 Rf6 48. Qc7+ Kg6 49. Qc2+ Kh6 50. Qc8 Rf5 51. Qd8 d5 52. Qb6+ Kh5 53. Qd8 d4 54. Qd7 Kh6 55. Qc6+ Rf6 56. Qc8 Kg7 57. Qd7+ Rf7 58. Qd8 Kh7 59.
Rc1 Qe3 60. Rd1 Kg6 61. Qd6+ Rf6 62. Qd5 Kh6 63. Qd8 Qe5 64. Qh8+ Kg6 65. Qg8+ Kh6 66.
Qh8+ Kg6 67. Qg8+ Kh5 68. Qh8+ Kg6 1/2-1/2

[Event "Early-Titled-Tuesday-Blitz-April-16-2024"]
[Site "Chess.com"]
[Date "2024.04.16"]
[Round "9"]
[White "Cheer_Down"]
[Black "HajiyevKanan"]
[Result "1-0"]
[WhiteElo "2519"]
[BlackElo "2617"]
[TimeControl "180+1"]
[EndTime "9:50:08 PDT"]
[Termination "Cheer_Down won by resignation"]

1. e4 c6 2. d4 d5 3. e5 a6 4. c4 Bf5 5. Nc3 e6 6. c5 f6 7. f4 a5 8. Bd3 Nh6 9. Nf3 b6 10.
cxb6 Qxb6 11. O-O Nd7 12. Kh1 Be7 13. Bxf5 Nxf5 14. g4 Nh6 15. h3 f5 16. Ng5 c5 17.
Be3 c4 18. b3 cxb3 19. Rb1 a4 20. axb3 a3 21. b4 O-O 22. Na4 Qc6 23. Nc5 a2 24.
Ra1 Nxc5 25. bxc5 Ra3 26. Qc1 Rd3 27. Rd1 Qa6 28. Rxd3 Qxd3 29. Qd2 Qxd2 30. Bxd2 fxg4 31. hxg4 Bxg5 32. fxg5 Nxg4 33. Rxa2 Rf2 34. c6 Rf8 35. c7 Rc8 36. Ba5 Kf7 37. Rb2 Ke8 38. Rb6 Kd7 39. Rd6+ Ke7 40. Rd8 Rxc7 41. Bxc7 Nf2+ 42. Kg2 Ne4 43. Rg8 Kf7 44. Ra8 Nxg5 45. Ra7 Ne4 46. Bd6+ Kg6 47. Bf8 h5 48. Rxg7+ Kf5 49. Rh7 Kg4 50.
Rg7+ Kf4 51. Be7 Ke3 52. Bc5 Kf4 53. Rf7+ Kg5 54. Re7 Kf5 55. Ra7 Ng5 56. Kg3 Ne4+ 57. Kh4 Kg6 58. Ra6 Kf5 59. Kxh5 Ng3+ 60. Kh6 Ne4 61.
Kg7 Nc3 62. Kf7 Ne2 63. Ke7 Nf4 64. Kd6 Ng6 65. Ra8 Nf4 66. Rf8+ Ke4 67. Rxf4+ Kxf4 68. Kxe6 1-0

[Event "Early-Titled-Tuesday-Blitz-April-16-2024"]
[Site "Chess.com"]
[Date "2024.04.16"]
[Round "9"]
[White "Levanzovsky"]
[Black "VacheH009"]
[Result "1-0"]
[WhiteElo "2511"]
[BlackElo "2609"]
[TimeControl "180+1"]
[EndTime "9:50:09 PDT"]
[Termination "Levanzovsky won by checkmate"]

1. e4 e6 2. d3 d5 3. Nd2 c5 4. g3 Nc6 5. Bg2 g6 6. f4 Bg7 7. Ne2 Nge7 8. O-O O-O 9. c3 d4 10. c4 f5 11. e5 a6 12. a3 Rb8 13.
b4 cxb4 14. axb4 Nxb4 15. Nb3 Nec6 16. Ba3 Re8 17. Bxb4 Nxb4 18. Nexd4 Bf8 19. Kh1 b5 20. cxb5 axb5 21. Ra7 Qb6 22. Qa1 Bb7 23. Bxb7 Rxb7 24. Ra8 Rbb8 25. Rxb8 Rxb8 26. Qd1 Qb7+ 27. Qf3 Kf7 28.
Kg2 Nxd3 29. Qxb7+ Rxb7 30. Kf3 b4 31. Ra1 Nc5 32.
Nxc5 Bxc5 33. Nb3 Be7 34. Ke2 Rc7 35. Rc1 Rxc1 36. Nxc1 Ke8 37. Kd3 Kd7 38. Kc4 g5 39. Nd3 g4 40. Nxb4 Bd8 41. Kb5 Be7 42. Nd3 Ba3 43. Ka4 Be7 44. Kb5 Ba3 45. Nf2 Be7 46.
h3 h5 47. hxg4 hxg4 48. Nd3 Ba3 49. Kb6 Ke7 50. Nc5 Bb4 51. Nd3 Bd2 52. Kc6 Be3 53.
Kc7 Bg1 54. Nc1 Bh2 55. Ne2 Ke8 56. Kd6 Kf7 57. Kd7 Kg7 58. Kxe6 Kg6 59. Kd7 Kh5 60. e6 Bxg3 61. Nxg3+ Kh4 62. Nxf5+ Kh3 63. e7 g3 64. e8=Q g2 65. Qh5# 1-0

[Event "Early-Titled-Tuesday-Blitz-April-16-2024"]
[Site "Chess.com"]
[Date "2024.04.16"]
[Round "9"]
[White "platy3"]
[Black "jumpingknight20"]
[Result "1-0"]
[WhiteElo "2912"]
[BlackElo "2739"]
[TimeControl "180+1"]
[EndTime "9:50:17 PDT"]
[Termination "platy3 won by resignation"]

1. d4 Nf6 2. Nf3 e6 3. c3 d5 4.
Bg5 Nbd7 5. Nbd2 Be7 6. e3 O-O 7.
Bd3 c5 8. O-O b6 9. Qe2 Bb7 10. a4 a6 11. h3 h6 12. Bf4 c4 13.
Bc2 b5 14. Ne5 b4 15. Qf3 b3 16. Bd1 Nxe5 17. Bxe5 Ra7 18. Qg3 Ne8 19. e4 Bd6 20. exd5 exd5 21. Bf3 f6 22. Bf4 g5 23. Bxd6 Qxd6 24. Rfe1 Qxg3 25. fxg3 Ba8 26. Re6 Ng7 27. Rd6 Nf5 28. Rxd5 Bxd5 29. Bxd5+ Kg7 30. Bxc4 Nxg3 31. Nxb3 Rb8 32. a5 Rab7 33. Nc5 Rxb2 34. Nxa6 Ra8 35. Nc5 Rc2 36. Bd5 Ra7 37. a6 Ne2+ 38. Kh2 Nxc3 39.
Bf3 Nb5 40. Ne6+ Kf7 41. d5 Ke7 42. Rb1 Nc7 43. Nd4 Rc5 44. Nc6+ Rxc6 45. dxc6 Rxa6 46. Rd1 Ne6 47. Rd7+ Ke8 48. Bh5+ Kf8 49. Rf7+ Kg8 50. Rxf6 Rxc6 51. Bf7+ Kg7 52. Rxe6 Rc7 53. Bh5 Rb7 54.
Bf3 Rc7 55. Rc6 Rd7 56. Kg3 Rd4 57. Re6 Kf7 58. Rxh6 Kg7 59. Re6 Rc4 60. Re4 Rc5 61. Kg4 Kg6 62. g3 Rf5 63. Re6+ Rf6 64. Rxf6+ Kxf6 65. Be4 Kf7 66. Kxg5 1-0

[Event "Early-Titled-Tuesday-Blitz-April-16-2024"]
[Site "Chess.com"]
[Date "2024.04.16"]
[Round "9"]
[White "CD3m"]
[Black "Eloist"]
[Result "0-1"]
[WhiteElo "2337"]
[BlackElo "2481"]
[TimeControl "180+1"]
[EndTime "9:50:17 PDT"]
[Termination "Eloist won by checkmate"]

1. e4 e6 2. d3 d5 3. Qe2 dxe4 4. dxe4 b6 5. Nf3 Ba6 6. c4 Bb4+ 7. Bd2 Bxd2+ 8. Nbxd2 Nc6 9. O-O-O e5 10. Qe3 Nf6 11.
c5 Bxf1 12. Rhxf1 O-O 13. Kb1 Qe7 14. Rc1 b5 15. Nh4 g6 16. g3 Rfd8 17. f4 exf4 18. Rxf4 Nd5 19. Qf2 Nxf4 20. gxf4 Rxd2 21. Qxd2 Qxh4 22.
e5 Rd8 23. Qg2 Nd4 24. Qb7 Qxf4 25. a3 Qf5+ 26. Ka2 Qe6+ 27. Kb1 Nb3 28. Re1 c6 29. Qxa7 Rd5 30. Qb8+ Kg7 31. h4 Rxc5 32. h5 Nd2+ 33. Ka1 Nf3 34. h6+ Kxh6 35. Qf8+ Kg5 36. Qxc5 Nxe1 37. Qg1+ Kf5 38. Qf2+ Kxe5 39. Qxe1+ Kd6 40. Qb4+ Kd7 41. Qd4+ Qd5 42. Qa7+ Kd6 43. Qb8+ Kc5 44. Qa7+ Kc4 45. Qe3 Qd1+ 46. Ka2 Qd3 47. Qc1+ Kd5 48.
Qg5+ f5 49. Qd8+ Ke4 50. Qe8+ Kf4 51. Qxc6 Qc4+ 52. Qxc4+ bxc4 53. a4 Ke3 54. a5 f4 55.
a6 f3 56. a7 f2 57. a8=Q f1=Q 58. Qe8+ Kd2 59. Qd7+ Qd3 60. Qxh7 Qb3+ 61. Ka1 Qa4+ 62. Kb1 Qd1+ 63. Ka2 Qb3+ 64. Ka1 Qa4+ 65. Kb1 Qd1+ 66. Ka2 Qc2 67. Qh2+ Kc1 68. Qg1+ Qd1 69. Qxg6 Qb3+ 70. Ka1 Qxb2# 0-1

[Event "Early-Titled-Tuesday-Blitz-April-16-2024"]
[Site "Chess.com"]
[Date "2024.04.16"]
[Round "9"]
[White "kyuotbi"]
[Black "N_I_Chess"]
[Result "0-1"]
[WhiteElo "2265"]
[BlackElo "2383"]
[TimeControl "180+1"]
[EndTime "9:50:20 PDT"]
[Termination "N_I_Chess won by resignation"]

1. e4 Nf6 2. e5 Nd5 3. d4 d6 4.
Nf3 g6 5. Be2 Bg7 6. O-O O-O 7.
c4 Nb6 8. exd6 cxd6 9. Nc3 Bg4 10. b3 d5 11. c5 Nc8 12. Ne5 Bxe2 13.
Qxe2 Nc6 14. Nxc6 bxc6 15. Rd1 Re8 16. Bg5 Qa5 17. Na4 e5 18. f4 e4 19. f5 gxf5 20. Be3 Ne7 21. Qh5 Qc7 22. Rf1 Qd7 23.
g4 f4 24. Rxf4 Ng6 25. Rf5 Rab8 26. Raf1 Rf8 27. Nc3 Rb4 28. Ne2 a5 29. h4 a4 30.
bxa4 Rxa4 31. Qg5 Rxa2 32. Ng3 Qc7 33. Bf4 Qe7 34. Bd6 Qxg5 35. hxg5 Bxd4+ 36. Kh1 Raa8 37. Bxf8 Rxf8 38. Nh5 e3 39. Nf6+ Kg7 40. Nd7 Re8 41. Rxf7+ Kg8 42. R7f3 e2 43. Re1 Re7 44. Nf6+ Kg7 45.
Nh5+ Kg8 46. Nf6+ Kg7 47. Nh5+ Kh8 48. Rd3 Bxc5 49. Rd2 Bb4 50. Rdxe2 Bxe1 51. Rxe7 Nxe7 52. Kg2 Bd2 53. Kf3 Bxg5 54. Ng3 h6 55. Ne2 Kg7 56. Nd4 Kf7 57. Ke2 c5 58. Nb5 Ke6 59.
Nc7+ Ke5 60. Kd3 Kf4 0-1

[Event "Early-Titled-Tuesday-Blitz-April-16-2024"]
[Site "Chess.com"]
[Date "2024.04.16"]
[Round "9"]
[White "SahibSinghKnight"]
[Black "AryanTari"]
[Result "1-0"]
[WhiteElo "2649"]
[BlackElo "2901"]
[TimeControl "180+1"]
[EndTime "9:50:23 PDT"]
[Termination "SahibSinghKnight won by resignation"]

1. e4 e5 2. Nf3 Nc6 3. Bb5 Nge7 4. c3 d5 5. Nxe5 dxe4 6. d4 exd3 7. Nxc6 Nxc6 8. O-O Be7 9. Bxd3 O-O 10. Qc2 g6 11. Rd1 Bd6 12. Nd2 Bg4 13. f3 Qh4 14. Nf1 Be6 15. Be3 Be5 16. Qf2 Qa4 17. b3 Qa5 18. b4 Qa4 19. Rac1 Rfd8 20. Qc2 Qxa2 21. Qxa2 Bxa2 22.
Be4 Bb3 23. Rxd8+ Rxd8 24. Bxc6 bxc6 25. Bxa7 Bc4 26. Ne3 Be6 27. Ng4 Bg7 28. Nf2 f5 29. Bd4 Bxd4 30. cxd4 Rxd4 31. Rxc6 Rxb4 32. h4 Bf7 33.
Rxc7 Rxh4 34. g3 Rd4 35. Kg2 Bd5 36. Rc3 g5 37. Kf1 Kg7 38. Ke2 Ra4 39. Nd1 Ra2+ 40. Kf1 f4 41. gxf4 gxf4 42. Nf2 Kg6 43. Nd3 Ra4 44. Rc5 Bc4 45. Rxc4 Rxc4 46. Ne5+ Kh5 47. Nxc4 Kh4 48. Kg2 Kg5 49. Nd2 Kh4 50. Ne4 h6 51. Kf2 h5 52. Nf6 Kg5 53. Nd5 Kf5 54. Kg2 Ke5 55.
Ne7 Kf6 56. Nc6 Ke6 57. Kh3 Kd5 58. Ne7+ Kd4 59. Ng6 Ke3 60. Nh4 Kf2 61. Kh2 Kf1 62. Ng6 Kf2 63. Ne5 Kf1 64. Nd3 Ke2 65. Ne5 Kf1 66.
Kh3 Kf2 67. Kh4 Ke3 68. Kxh5 Kd4 69. Ng4 Kd3 70. Kg5 Ke2 71. Kxf4 1-0